 Dungeon Crawl Stone Soup version 0.23.1-37-gaa34b87 (webtiles) character file.

Game seed: 8647208204576104767

751 snowfan the Caller (level 7, -2/48 HPs)
             Began as a Mummy Summoner on Mar 20, 2019.
             Hit by a tomahawk of returning thrown by an orc warrior (8 damage)
             ... on level 6 of the Dungeon on Mar 21, 2019.
             The game lasted 00:32:14 (7630 turns).

snowfan the Caller (Mummy Summoner)                 Turns: 7630, Time: 00:32:14

Health: -2/48      AC:  2    Str: 11    XL:     7   Next: 49%
Magic:  3/11       EV: 12    Int: 17    God:
Gold:   264        SH:  0    Dex: 14    Spells: 1/11 levels left

rFire    x . .     SeeInvis .   i - +3 quarterstaff
rCold    + . .     Gourm    .   (shield currently unavailable)
rNeg     + + +     Faith    .   a - +0 robe
rPois    ∞         Spirit   .   (no helmet)
rElec    .         Reflect  .   (no cloak)
rCorr    .         Harm     .   (no gloves)
MR       .....                  (no boots)
Stlth    ++........             (no amulet)
HPRegen  0.16/turn              j - +2 ring of dexterity
MPRegen  0.12/turn              (no ring)

@: no status effects
A: no food or potions, fire vulnerability, cold resistance 1, negative energy
resistance 3, torment resistance, unbreathing
a: no special abilities


You were on level 6 of the Dungeon.
You were not hungry.

You visited 1 branch of the dungeon, and saw 6 of its levels.

You collected 264 gold pieces.

Inventory:

Hand Weapons
 b - a +0 club
 c - a +0 dagger
 i - a +3 quarterstaff (weapon)
Armour
 a - a +0 robe (worn)
 k - a +0 buckler
Jewellery
 j - a +2 ring of dexterity (left hand)
Wands
 f - a wand of random effects (22)
 l - a wand of iceblast (11)
Scrolls
 d - 4 scrolls of identify {unknown}
 e - 3 scrolls of teleportation {unknown}
 g - 2 scrolls of enchant weapon {unknown}
 h - a scroll of brand weapon {unknown}
 m - a scroll of remove curse {unknown}
 n - a scroll of enchant armour {unknown}
 o - 2 scrolls of amnesia {unknown}


   Skills:
 - Level 1.2 Fighting
 - Level 1.5 Dodging
 - Level 1.5 Stealth
 - Level 2.9 Spellcasting
 + Level 2.1 Hexes
 - Level 7.2 Summonings


You had one spell level left.
You knew the following spells:

 Your Spells              Type           Power        Failure   Level  Hunger
a - Summon Small Mammal   Summ           ####         1%          1    N/A
c - Corona                Hex            #......      8%          1    N/A
d - Call Canine Familiar  Summ           ####....     2%          3    N/A
g - Summon Guardian Gole  Hex/Summ       ###.....     8%          3    N/A
s - Call Imp              Summ           ####....     1%          2    N/A

Your spell library contained the following spells:

 Spells                   Type           Power        Failure   Level  Hunger
 Slow                     Hex            #.......     11%         2    N/A
 Inner Flame              Hex/Fire       #.......     34%         3    N/A
 Portal Projectile        Hex/Tloc       #.....       34%         3    N/A
 Summon Ice Beast         Ice/Summ       ##......     36%         4    N/A
 Summon Lightning Spire   Summ/Air       ##......     36%         4    N/A
 Cause Fear               Hex            #.........   58%         4    N/A
 Leda's Liquefaction      Hex/Erth       #.........   75%         4    N/A

Dungeon Overview and Level Annotations

Branches:
Dungeon (6/15)
 Temple: D:4-7

Altars:

Annotations:
D:6 Sigmund


Innate Abilities, Weirdness & Mutations

You do not eat or drink.
Your flesh is vulnerable to fire.
You are immune to poison.
Your flesh is cold resistant. (rC+)
You are immune to negative energy. (rN+++)
You are immune to unholy pain and torment.
You can survive without breathing.


Message History

The tomahawk of returning barely misses you.
The weapon returns to the orc warrior!
Your shadow imp gestures at the orc warrior.
The orc warrior writhes in agony!
The orc warrior throws a tomahawk of returning.
The tomahawk of returning hits you!!
Your shadow imp hits the orc warrior but does no damage.
The orc warrior throws a tomahawk of returning.
The tomahawk of returning closely misses you.
Your shadow imp barely misses the orc warrior.
Things that are here:
a tomahawk of returning; a +0 trident; a +0 scale mail Your shadow imp closely misses the orc warrior.
The orc warrior throws a tomahawk of returning.
The tomahawk of returning hits you!
* * * LOW HITPOINT WARNING * * *
The weapon returns to the orc warrior!
The orc warrior throws a tomahawk of returning.
The tomahawk of returning hits you!
You die...

...# ........# #.#
#.# #.#... ...#
........## #.# #.#
#..... ...#
..)......# #.#
#.#####.## ...
.....5o.)# #.#
#.......<. ..
.........#
#.#########... .#
.......)(#
#.....>....... .#
##..####(#
#........#..## .#
#.# #......#......
<# #@#
#........#..## ##
#.###.....##.#..#
#.#.'.....+..#..##
#.#.#.....####....
#.#.#.....# #.###
#.#.#.....# #.#..
#.#.#.....# #.#..
#.#.##########.#..
#.#..........h....


You could see an orc warrior.

Vanquished Creatures
  A worker ant (D:6)
  5 adders
  A leopard gecko (D:5)
  2 orcs (D:6)
  3 goblins
  3 hobgoblins
  2 bats
  3 frilled lizards
  A rat (D:2)
21 creatures vanquished.

Vanquished Creatures (collateral kills)
  Menkaure (D:4)
  An ice beast (D:5)
  An ogre (D:6)
  2 phantoms
  A bullfrog (D:3)
  A water moccasin zombie (D:5)
  2 scorpions
  A howler monkey (D:4)
  A centaur zombie (D:6)
  A crimson imp (D:5)
  A jelly (D:6)
  A bullfrog zombie (D:5)
  An orc priest (D:4)
  A bullfrog skeleton (D:4)
  7 orc wizards
  7 adders
  A shadow imp (D:6)
  An ooze (D:3)
  An adder skeleton (D:5)
  A worm (D:3)
  2 dart slugs (D:3)
  15 orcs
  9 bats
  4 giant cockroaches
  5 goblins
  3 hobgoblins
  9 jackals
  A quokka (D:3)
  A frilled lizard (D:2)
  4 kobolds
  7 rats
94 creatures vanquished.

Grand Total: 115 creatures vanquished

Notes
Turn   | Place    | Note
-------+----------+-------------------------------------------
     0 | D:1      | snowfan the Mummy Summoner began the quest for the Orb.
     0 | D:1      | Reached XP level 1. HP: 13/13 MP: 4/4
   594 | D:1      | Reached XP level 2. HP: 17/19 MP: 2/5
  1575 | D:2      | Reached skill level 4 in Summonings
  1582 | D:2      | Found a faded altar of an unknown god.
  1723 | D:2      | Learned a level 2 spell: Call Imp
  1786 | D:2      | Reached XP level 3. HP: 24/24 MP: 1/7
  2517 | D:3      | Learned a level 3 spell: Call Canine Familiar
  2734 | D:3      | Noticed a bullfrog
  2742 | D:3      | Killed a bullfrog
  2742 | D:3      | Reached XP level 4. HP: 29/30 MP: 1/8
  3349 | D:4      | Reached skill level 5 in Summonings
  3474 | D:4      | Noticed a phantom
  3547 | D:4      | Reached XP level 5. HP: 18/35 MP: 0/9
  3571 | D:4      | Killed a phantom
  4176 | D:4      | Noticed Menkaure
  4194 | D:4      | Killed Menkaure
  4194 | D:4      | Reached skill level 6 in Summonings
  4194 | D:4      | Reached XP level 6. HP: 41/41 MP: 2/10
  5013 | D:5      | Entered Level 5 of the Dungeon
  5686 | D:5      | Noticed an ice beast
  5695 | D:5      | Killed an ice beast
  5695 | D:5      | Reached skill level 7 in Summonings
  5695 | D:5      | Reached XP level 7. HP: 33/46 MP: 2/11
  6210 | D:5      | Learned a level 3 spell: Summon Guardian Golem
  6212 | D:5      | Learned a level 1 spell: Corona
  6449 | D:6      | Reached skill level 1 in Fighting
  6808 | D:6      | Noticed a yak
  6812 | D:6      | Noticed Sigmund
  6813 | D:6      | Noticed a yak
  6813 | D:6      | Noticed a yak
  6814 | D:6      | Noticed a yak
  6815 | D:6      | Noticed a yak
  7071 | D:6      | Reached skill level 1 in Hexes
  7630 | D:6      | Hit by a tomahawk of returning thrown by an orc warrior

Skill      XL: |  1  2  3  4  5  6  7 |
---------------+----------------------+-----
Summonings     | 4 5 6 7 |  7.2
Fighting       | 1 |  1.2
Hexes          | 2 |  2.1
Dodging        | |  1.5
Stealth        | |  1.5
Spellcasting   | |  2.9

Action                   |  1- 3 |  4- 6 |  7- 9 || total
-------------------------+-------+-------+-------++-------
Melee: Dagger            |    40 |    43 |       ||    83
       Club              |     3 |       |       ||     3
       Unarmed           |     1 |       |       ||     1
       Quarterstaff      |       |     4 |    17 ||    21
 Cast: Summon Small Mamm |    58 |       |     5 ||    63
       Call Imp          |    18 |    44 |    22 ||    84
       Call Canine Famil |     4 |    21 |    16 ||    41
       Corona            |       |       |     5 ||     5
       Summon Guardian G |       |       |     4 ||     4
 Stab: Sleeping          |     1 |     1 |       ||     2
       Distracted        |       |     3 |     1 ||     4
Armor: Robe              |    22 |     6 |     2 ||    30
Dodge: Dodged            |    64 |    34 |    24 ||   122
